 Dungeon Crawl Stone Soup version 0.24-a0-91-g4e4936a (webtiles) character file.

Game seed: 9132544245639268470

76 Arthanis the Firebug (level 4, 0/24 HPs)
             Began as a Deep Elf Fire Elementalist on Feb 8, 2019.
             Hit by a stone thrown by a gnoll (7 damage)
             ... on level 2 of the Dungeon.
             The game lasted 00:03:20 (1356 turns).

Arthanis the Firebug (Deep Elf Fire Elementalist)   Turns: 1356, Time: 00:03:22

Health: 0/24       AC:  2    Str:  5    XL:     4   Next: 12%
Magic:  9/11       EV: 13    Int: 21    God:
Gold:   135        SH:  0    Dex: 15    Spells: 2/10 levels left

rFire    . . .     SeeInvis .   k - +0 long sword
rCold    . . .     Gourm    .   (no shield)
rNeg     . . .     Faith    .   a - +0 robe
rPois    .         Spirit   .   (no helmet)
rElec    .         Reflect  .   (no cloak)
rCorr    .         Harm     .   (no gloves)
MR       .....                  (no boots)
Stlth    ++........             (no amulet)
HPRegen  0.08/turn              (no ring)
MPRegen  0.12/turn              (no ring)

@: no status effects
A: no striking features
a: no special abilities


You were on level 2 of the Dungeon.
You were not hungry.

You visited 1 branch of the dungeon, and saw 2 of its levels.

You collected 135 gold pieces.

Inventory:

Hand Weapons
 b - a +0 short sword
 k - a +0 long sword (weapon)
Armour
 a - a +0 robe (worn)
Scrolls
 g - 3 scrolls of identify {unknown}
 i - a scroll of remove curse {unknown}
 j - a scroll of blinking {unknown}
 n - a scroll of immolation {unknown}
Potions
 d - 2 potions of curing {unknown}
 e - a potion of might {unknown}
 f - a potion of haste {unknown}
 h - 2 potions of degeneration {unknown}
 l - a potion of brilliance {unknown}
Comestibles
 c - 6 rations
 m - 2 chunks of flesh


   Skills:
 - Level 2.4 Dodging
 - Level 2.4 Stealth
 + Level 3.7 Spellcasting
 * Level 2.8 Conjurations
 * Level 4.3 Fire Magic


You had 2 spell levels left.
You knew the following spells:

 Your Spells              Type           Power        Failure   Level  Hunger
a - Flame Tongue          Conj/Fire      ###..        2%          1    None
b - Conjure Flame         Conj/Fire      ###.....     9%          3    ###....
c - Sticky Flame          Conj/Fire      ###.....     28%         4    ####...

Your spell library contained the following spells:

 Spells                   Type           Power        Failure   Level  Hunger
 Throw Flame              Conj/Fire      ###...       4%          2    ##.....
 Inner Flame              Hex/Fire       ##......     16%         3    ###....
 Fireball                 Conj/Fire      ###.......   61%         5    ######.


Dungeon Overview and Level Annotations

Branches:
Dungeon (2/15)

Altars:
Okawaru


Message History

The flame tongue hits the hobgoblin.
The hobgoblin is almost dead.
The hobgoblin is engulfed in a cloud of scalding steam.
You kill the hobgoblin!
You hear a splash.
The kobold hits you but does no damage.
Casting: Flame Tongue (safe; 2% risk of failure)
Confirm with . or Enter, or press ? or * to list all spells.
Aiming: Flame Tongue (safe; 2% risk of failure)
Press: ? - help, Shift-Dir - straight line, f - orc
Aim: an orc The flame tongue hits the orc!
You kill the orc!
You are engulfed in a cloud of scalding steam.
Ouch! That really hurt!
The kobold splashes around in the water.
The goblin throws a stone.
The stone hits you.
* * * LOW HITPOINT WARNING * * *
The gnoll throws a stone.
The stone hits you!
You die...

#..# #..# #..# ######[.#
######........ #.#.......#...
#.#.####..##..
######.#.#......... .#### ##.
#.@......#......#.. .##.. ...
#§###÷............. ..#.#
#..#####K(§.##.#.#.#.##.#.. ..#.#
#.#...#.≈.≈###.#.....##.#.. ....#
#.#...##gg≈.##.#.#.#....... .#..#
#.##..#.≈.≈##.(..#.#.##....
.#..###.....##≈K≈.#......#.......
.........)..#.≈.≈##.....>....)...
.##.######..###_####.###.#.......


You could see a gnoll, a goblin and 2 kobolds.

Vanquished Creatures
  A hound (D:2)
  2 dart slugs (D:1)
  2 leopard geckos (D:1)
  An orc (D:2)
  A ball python (D:1)
  2 giant cockroaches
  6 goblins
  4 hobgoblins
  5 kobolds
  7 bats
  6 frilled lizards
  A rat (D:2)
38 creatures vanquished.

Notes
Turn   | Place    | Note
-------+----------+-------------------------------------------
     0 | D:1      | Arthanis the Deep Elf Fire Elementalist began the quest for
                  | the Orb.
     0 | D:1      | Reached XP level 1. HP: 10/10 MP: 6/6
   221 | D:1      | Reached XP level 2. HP: 15/15 MP: 2/8
   523 | D:1      | Reached XP level 3. HP: 19/19 MP: 6/9
   789 | D:2      | Learned a level 3 spell: Conjure Flame
   852 | D:2      | Reached skill level 4 in Fire Magic
   950 | D:2      | Reached XP level 4. HP: 22/24 MP: 8/11
   975 | D:2      | Learned a level 4 spell: Sticky Flame
  1353 | D:2      | Found an iron altar of Okawaru.
  1356 | D:2      | Hit by a stone thrown by a gnoll

Levels and vault maps discovered:
D:1:      wheals_arrival_shading, layout_loops_ring,
          chequers_serial_rivers_micro_b, chequers_serial_rivers_micro_e
D:2:      layout_basic, okawaru_altar_gauntlet_db, first_ration,
          minmay_fountain_box

Skill      XL: |  1  2  3 |
---------------+----------+-----
Conjurations   | 2 |  2.8
Fire Magic     | 4 |  4.3
Dodging        | |  2.4
Stealth        | |  2.4
Spellcasting   | |  3.7

Action                   |  1- 3 |  4- 6 || total
-------------------------+-------+-------++-------
Melee: Short sword       |     6 |       ||     6
       Long sword        |       |     1 ||     1
 Cast: Flame Tongue      |    50 |     7 ||    57
 Stab: Sleeping          |     2 |       ||     2
  Eat: Chunk             |       |     1 ||     1
Armor: Robe              |     2 |     2 ||     4
Dodge: Dodged            |    18 |     2 ||    20
       Rpst.: Long sword |       |     1 ||     1

Table legend:
 A = Non-vault XP
 B = Vault XP
 C = Vault XP percentage of total XP
 D = Non-vault monster count
 E = Vault monster count
 F = Vault count percentage of total count
                 A         B        C        D         E       F
            +---------+---------+-------+---------+---------+-------
      Total |     104 |       5 |   4.6 |      36 |       2 |   5.3
            +---------+---------+-------+---------+---------+-------
        D:1 |      41 |       0 |   0.0 |      23 |       0 |   0.0
        D:2 |      63 |       5 |   7.4 |      13 |       2 |  13.3
            +---------+---------+-------+---------+---------+-------
